 Dungeon Crawl Stone Soup version 0.28-a0-728-g0181a31188 (webtiles) character file.

Game seed: 1849045932369870039

19 DungeonMaster the Skirmisher (level 2, -22/26 HPs)
             Began as a Demonspawn Wanderer on Oct 28, 2021.
             Annihilated by a tentacled starspawn (39 damage)
             ... on level 1 of the Abyss.
             The game lasted 00:01:43 (760 turns).

DungeonMaster the Skirmisher (Demonspawn Wanderer)   Turns: 760, Time: 00:01:43

Health: -22/26     AC:  2    Str: 13    XL:     2   Next: 55%
Magic:  2/2        EV: 12    Int: 11    God:
Gold:   10         SH:  0    Dex: 13    Spells: 1/1 levels left

rFire   . . .      SeeInvis .   a - +1 hand axe (elec)
rCold   . . .      Faith    .   (no shield)
rNeg    . . .      Spirit   .   e - +0 robe
rPois   .          Reflect  .   (no helmet)
rElec   .          Harm     .   (no cloak)
rCorr   .          Rampage  .   (no gloves)
Will    .....                   (no boots)
Stlth   +.........              (no amulet)
HPRegen 0.08/turn               (no ring)
MPRegen 0.08/turn               (no ring)

@: no status effects
A: powered by death 1
a: no special abilities


You were on level 1 of the Abyss.
You visited 1 branch of the dungeon, and saw 2 of its levels.
You visited the Abyss 1 time.

You collected 10 gold pieces.

Inventory:

Hand Weapons
 a - a +1 hand axe of electrocution (weapon)
 b - a +0 hand crossbow
 s - a +2 spear of freezing
Missiles
 c - 47 bolts
 g - 10 arrows
 i - 24 stones (quivered)
Armour
 e - a +0 robe (worn)
Wands
 j - a wand of paralysis (4)
Potions
 d - a potion of curing
 f - a potion of berserk rage


   Skills:
 * Level 4.4 Fighting
 - Level 1.0 Throwing
 - Level 2.6 Armour
 * Level 1.8 Dodging
 - Level 1.0 Evocations


You had one spell level left.
You didn't know any spells.
Your spell library was empty.

Dungeon Overview and Level Annotations

Branches:
Dungeon (2/15)

Altars:


Innate Abilities, Weirdness & Mutations

You regenerate a little health from kills.


Message History

You are cast into the Abyss!
To return, you must find a gate leading back.
Killing monsters will force the Abyss to allow you passage.
This branch contains the abyssal rune of Zot.
Found a leather armour.
There is an empty arch of ancient stone here.
There is an empty arch of ancient stone here.
There is an empty arch of ancient stone here.
You see here a +0 leather armour.
Found a corrupted altar of Lugonu.
Found a pair of gloves.
There is a corrupted altar of Lugonu, spattered with blood here.
Found 19 gold pieces.
A dancing weapon and a tentacled starspawn come into view.
There is a +1 glaive of protection.
A tentacled starspawn comes into view.
Found a war axe.
A tentacle flies out from the starspawn's body!
A starspawn tentacle comes into view.
Tentacles burst from the starspawn's body! 2 starspawn tentacles come into view.
The starspawn tentacle closely misses you.
The starspawn tentacle barely misses you.
The starspawn tentacle grabs you. The starspawn tentacle constricts you.
You escape the starspawn tentacle's grasp.
There is an empty arch of ancient stone here.
A tentacle flies out from the starspawn's body!
A starspawn tentacle comes into view.
A tentacled starspawn is nearby!
You hit the tentacled starspawn.
The tentacled starspawn is lightly damaged.
The tentacled starspawn completely misses you.
The tentacled starspawn tentacle-slaps you!
A tentacle flies out from the starspawn's body!
A starspawn tentacle comes into view.
You slash the tentacled starspawn!
The tentacled starspawn is lightly damaged.
You hit the starspawn tentacle. The tentacled starspawn bites you!!!
Ouch! That really hurt!
You die...

.... . ─X..... .
. . . ...... ....
.<..w.##.. . .#
##.... .# ......
..........#.####
. ......_.#####
#.# ..... # ....#
## . ... .#.##
##### ....
..##..# #@w#
..####..######X#
.. .
#...X.X...∩##
.......#..w####.#
...... .#.# #.#
####.#.# ## #.#
#.## #.# . #.# .
..


You could see a tentacled starspawn and a starspawn tentacle.

Vanquished Creatures
  3 ball pythons (D:2)
  An endoplasm (D:2)
  2 giant cockroaches (D:2)
  A goblin (D:2)
  5 hobgoblins
  A frilled lizard (D:2)
  A kobold (D:2)
  3 rats (D:2)
17 creatures vanquished.

Vanquished Creatures (others)
  6 starspawn tentacles (Abyss:1)
6 creatures vanquished.

Grand Total: 23 creatures vanquished

Notes
Turn   | Place    | Note
-------+----------+-------------------------------------------
     0 | D:1      | DungeonMaster the Demonspawn Wanderer began the quest for
                  | the Orb.
     0 | D:1      | DungeonMaster set off with the following items: a +2 spear,
                  | a +0 hand crossbow, 29 bolts, a potion of curing, a +0 robe
     0 | D:1      | Reached XP level 1. HP: 19/19 MP: 1/1
   134 | D:2      | Gained mutation: You regenerate a little health from kills.
                  | [demonic ancestry]
   134 | D:2      | Reached XP level 2. HP: 25/25 MP: 2/2
   663 | D:1      | Cast into level 1 of the Abyss (goblin)
   726 | Abyss:1  | Found a corrupted altar of Lugonu.
   733 | Abyss:1  | Noticed a +1 glaive of protection
   733 | Abyss:1  | Noticed a tentacled starspawn
   734 | Abyss:1  | Noticed a tentacled starspawn
   760 | Abyss:1  | Annihilated by a tentacled starspawn

Illustrated notes

Levels and vault maps discovered:
D:1:      dpeg_arrival_castle, layout_basic, ebering_ecumenical_altar_hall
D:2:      minmay_door_path, layout_loops_cross
Abyss:1:  base:
D:2

Action                   || total
-------------------------++-------
Melee: Spear             ||    19
       Hand axe          ||    18
  Use: Scroll            ||     4
 Stab: Sleeping          ||     4
Armor: Robe              ||     4
Dodge: Dodged            ||    20

Table legend: (Time is in decaauts)
 A = Elapsed time spent in this place.
 B = Non-inter-level travel time spent in this place.
 C = Inter-level travel time spent in this place.
 D = Time resting spent in this place.
 E = Time spent auto-exploring this place.
 F = Levels seen in this place.
 G = Mean time per level.
                   A        B        C        D        E       F      G
               +--------+--------+--------+--------+--------+-----+--------+
         Total |    766 |    753 |     13 |    226 |    384 |   3 |  255.3 |
       Dungeon |    669 |    656 |     13 |    221 |    328 |   2 |  334.5 |
         Abyss |     97 |     97 |      0 |      5 |     56 |   1 |   97.0 |
               +--------+--------+--------+--------+--------+-----+--------+

Top non-repeatable levels by time:
     D:2: 606 daAuts
 Abyss:1: 97 daAuts
     D:1: 63 daAuts
